| TOP OF THE 1ST |
|
Amarillo Gold Sox batting - Pitching for Dallas-Fort Worth Rangers : LHP Xavier Pickhills
|
|
Pitching: LHP Xavier Pickhills
|
|
|
Batting: SHB Mike Felder
|
0-0: Foul Ball, location: 2F 0-1: Called Strike 0-2: Ball 1-2: Ball 2-2: Ball 3-2: Fly out, F5 (Popup, 5S, EV 80.0 MPH)
|
|
Batting: LHB Hector Arroyo
|
0-0: Swinging Strike 0-1: Swinging Strike 0-2: Ball 1-2: Ball 2-2: Ball 3-2: Foul Ball, location: 2F 3-2: SINGLE (Groundball, 4MD, EV 106.9 MPH)
|
|
Batting: LHB Ernie Riles
|
0-0: SINGLE (Line Drive, 7S, EV 105.0 MPH) Hector Arroyo to second
|
|
Batting: RHB Bill Pecota
|
0-0: Fielders Choice at 2nd, 6-4 (Groundball, 6, EV 99.4 MPH) Hector Arroyo to third
|
|
Batting: RHB Andrew Barbee
|
0-0: Called Strike 0-1: Ball 1-1: Fly out, F3 (Popup, 23F, EV 88.8 MPH)
|
| Top of the 1st over - 0 runs, 2 hits, 0 errors, 2 left on base; Amarillo 0 - Dallas-Fort Worth 0 |
| BOTTOM OF THE 1ST |
|
Dallas-Fort Worth Rangers batting - Pitching for Amarillo Gold Sox : RHP Stew Cliburn
|
|
Pitching: RHP Stew Cliburn
|
|
|
Batting: RHB Phil Bradley
|
0-0: Ball 1-0: Ball 2-0: Fly out, F8 (Flyball, 8RS, EV 87.5 MPH)
|
|
Batting: LHB Stan Levi
|
0-0: Ball 1-0: Ball 2-0: Foul Ball, location: 2F 2-1: Ground out 6-3 (Groundball, 56, EV 104.4 MPH)
|
|
Batting: RHB Pat Casey
|
0-0: Ball 1-0: Ball 2-0: Called Strike 2-1: Ball 3-1: Base on Balls
|
|
Batting: LHB Dustin Hipp
|
0-0: Ball 1-0: Called Strike Pat Casey is caught stealing 2nd base 2-6
|
| Bottom of the 1st over - 0 runs, 0 hits, 0 errors, 0 left on base; Amarillo 0 - Dallas-Fort Worth 0 |
| TOP OF THE 2ND |
|
Amarillo Gold Sox batting - Pitching for Dallas-Fort Worth Rangers : LHP Xavier Pickhills
|
|
Batting: RHB Adam Veldman
|
0-0: Fly out, F6 (Line Drive, 6, EV 70.0 MPH)
|
|
Batting: RHB Vic Alvarado
|
0-0: Ball 1-0: Called Strike 1-1: Ball 2-1: Called Strike 2-2: Strikes out looking
|
|
Batting: LHB Timothy Hickerson
|
0-0: Ball 1-0: Ball 2-0: Foul Ball, location: 2F 2-1: Foul Ball, location: 2F 2-2: Foul Ball, location: 2F 2-2: Ground out 4-3 (Groundball, 34, EV 86.9 MPH)
|
| Top of the 2nd over - 0 runs, 0 hits, 0 errors, 0 left on base; Amarillo 0 - Dallas-Fort Worth 0 |
| BOTTOM OF THE 2ND |
|
Dallas-Fort Worth Rangers batting - Pitching for Amarillo Gold Sox : RHP Stew Cliburn
|
|
Batting: LHB Dustin Hipp
|
0-0: Ball 1-0: Foul Ball, location: 2F 1-1: Foul Ball, location: 2F 1-2: Ball 2-2: Fly out, F8 (Flyball, 8LXD, EV 89.4 MPH)
|
|
Batting: LHB Dave Falcone
|
0-0: Swinging Strike 0-1: Foul Ball, location: 2F 0-2: Ball 1-2: Foul Ball, location: 2F 1-2: Strikes out swinging
|
|
Batting: LHB Mario Delgado
|
0-0: Reached via error on a dropped throw from 2B, E3 (Groundball, 34D, EV 101.3 MPH)
|
|
Batting: RHB Dave Aponte
|
0-0: Called Strike 0-1: Ball Pickoff Throw to First - Out! 1-3
|
| Bottom of the 2nd over - 0 runs, 0 hits, 1 error, 0 left on base; Amarillo 0 - Dallas-Fort Worth 0 |
| TOP OF THE 3RD |
|
Amarillo Gold Sox batting - Pitching for Dallas-Fort Worth Rangers : LHP Xavier Pickhills
|
|
Batting: RHB Tom Wieghaus
|
0-0: Bunt missed! 0-1: Ball 1-1: Ball 2-1: SINGLE (Groundball, 6D, EV 94.4 MPH)
|
|
Batting: SHB Mike Felder
|
0-0: Called Strike 0-1: Ball 1-1: Called Strike 1-2: Fly out, F3 (Line Drive, 3, EV 73.8 MPH)
|
|
Batting: LHB Hector Arroyo
|
0-0: SINGLE (Line Drive, 7S, EV 92.5 MPH) Tom Wieghaus to second
|
|
Batting: LHB Ernie Riles
|
0-0: Swinging Strike 0-1: Fielders Choice at 2nd, 3-6 (Groundball, 34, EV 101.3 MPH) Tom Wieghaus to third
|
|
Batting: RHB Bill Pecota
|
0-0: Called Strike 0-1: Ball 1-1: Ball 2-1: Ball 3-1: Ground out 4-3 (Groundball, 4, EV 106.3 MPH)
|
| Top of the 3rd over - 0 runs, 2 hits, 0 errors, 2 left on base; Amarillo 0 - Dallas-Fort Worth 0 |
| BOTTOM OF THE 3RD |
|
Dallas-Fort Worth Rangers batting - Pitching for Amarillo Gold Sox : RHP Stew Cliburn
|
|
Batting: RHB Dave Aponte
|
0-0: Bunt missed! 0-1: Ball 1-1: SINGLE (Line Drive, 56, EV 96.3 MPH)
|
|
Batting: RHB Dave Miele
|
0-0: Called Strike 0-1: Ball 1-1: Foul Ball, location: 2F 1-2: Fly out, F7 (Flyball, 7LM, EV 83.8 MPH)
|
|
Batting: LHB Garcia Gutierrez
|
0-0: Fly out, F7 (Flyball, 7LM, EV 90.6 MPH)
|
|
Batting: RHB Phil Bradley
|
0-0: Ground out U3 (Groundball, 3S, EV 83.1 MPH)
|
| Bottom of the 3rd over - 0 runs, 1 hit, 0 errors, 1 left on base; Amarillo 0 - Dallas-Fort Worth 0 |
| TOP OF THE 4TH |
|
Amarillo Gold Sox batting - Pitching for Dallas-Fort Worth Rangers : LHP Xavier Pickhills
|
|
Batting: RHB Andrew Barbee
|
0-0: Called Strike 0-1: Foul Ball, location: 2F 0-2: Fly out, F9 (Flyball, 9S, EV 88.8 MPH)
|
|
Batting: RHB Adam Veldman
|
0-0: SINGLE (Line Drive, 7LS, EV 103.8 MPH)
|
|
Batting: RHB Vic Alvarado
|
0-0: SINGLE (Groundball, 6MD, EV 100.6 MPH) Adam Veldman to second Runner from 2nd tries for 3rd, SAFE, no throw by CF
|
|
Batting: LHB Timothy Hickerson
|
0-0: Foul Ball, location: 2F 0-1: Fly out, F7 (Flyball, 7, EV 76.3 MPH) Runner from 3rd tags up, SCORES, throw by LF
|
|
Batting: RHB Tom Wieghaus
|
0-0: Ball 1-0: Foul Ball, location: 2F 1-1: Ball 2-1: Fielders Choice at 2nd, 5-4 (Groundball, 56, EV 79.4 MPH)
|
| Top of the 4th over - 1 run, 2 hits, 0 errors, 1 left on base; Amarillo 1 - Dallas-Fort Worth 0 |
| BOTTOM OF THE 4TH |
|
Dallas-Fort Worth Rangers batting - Pitching for Amarillo Gold Sox : RHP Stew Cliburn
|
|
Batting: LHB Stan Levi
|
0-0: Called Strike 0-1: Ball 1-1: Ground out 4-3 (Groundball, 4, EV 100.6 MPH)
|
|
Batting: RHB Pat Casey
|
0-0: Foul Ball, location: 2F 0-1: Ball 1-1: Hit by Pitch
|
|
Batting: LHB Dustin Hipp
|
0-0: Swinging Strike 0-1: Called Strike 0-2: Fly out, F9 (Flyball, 9LM, EV 84.4 MPH)
|
|
Batting: LHB Dave Falcone
|
0-0: Called Strike 0-1: Ball 1-1: Foul Ball, location: 2F 1-2: Ball Wild Pitch! Pat Casey to second 2-2: Foul Ball, location: 2F 2-2: Ball 3-2: Base on Balls
|
|
Batting: LHB Mario Delgado
|
0-0: Foul Ball, location: 2F 0-1: Ball 1-1: Ball 2-1: Ball 3-1: Ground out 4-3 (Groundball, 4, EV 88.1 MPH)
|
| Bottom of the 4th over - 0 runs, 0 hits, 0 errors, 2 left on base; Amarillo 1 - Dallas-Fort Worth 0 |
| TOP OF THE 5TH |
|
Amarillo Gold Sox batting - Pitching for Dallas-Fort Worth Rangers : LHP Xavier Pickhills
|
|
Batting: SHB Mike Felder
|
0-0: Called Strike 0-1: Foul Ball, location: 2F 0-2: Foul Ball, location: 2F 0-2: Ball 1-2: Ground out 1-3 (Groundball, 34S, EV 67.5 MPH)
|
|
Batting: LHB Hector Arroyo
|
0-0: SINGLE (Groundball, 6S, EV 70.0 MPH) (infield hit)
|
|
Batting: LHB Ernie Riles
|
0-0: Ball 1-0: Fly out, F7 (Flyball, 78M, EV 78.1 MPH)
|
|
Batting: RHB Bill Pecota
|
0-0: Ball 1-0: Ball 2-0: Ball 3-0: Called Strike 3-1: SINGLE (Flyball, 78S, EV 96.9 MPH) Hector Arroyo to second
|
|
Batting: RHB Andrew Barbee
|
0-0: DOUBLE (Groundball, 5L, EV 101.9 MPH) Hector Arroyo scores Bill Pecota to third Runner from 3rd tries for Home, SAFE, no throw by LF
|
|
Batting: RHB Adam Veldman
|
0-0: Swinging Strike 0-1: SINGLE (Groundball, 6MD, EV 96.9 MPH) Andrew Barbee to third Runner from 3rd tries for Home, SAFE, no throw by CF
|
|
Batting: RHB Vic Alvarado
|
0-0: Ground out 3-1 (Groundball, 34, EV 86.9 MPH)
|
| Top of the 5th over - 3 runs, 4 hits, 0 errors, 1 left on base; Amarillo 4 - Dallas-Fort Worth 0 |
| BOTTOM OF THE 5TH |
|
Dallas-Fort Worth Rangers batting - Pitching for Amarillo Gold Sox : RHP Stew Cliburn
|
|
Batting: RHB Dave Aponte
|
0-0: Ball 1-0: Swinging Strike 1-1: Ball 2-1: Foul Ball, location: 2F 2-2: Ball 3-2: Base on Balls
|
|
Batting: RHB Dave Miele
|
0-0: Ball 1-0: Sac Bunt to 2L - play at first, batter OUT! 2-4 Dave Aponte to second
|
|
Batting: LHB Garcia Gutierrez
|
0-0: Foul Ball, location: 2F 0-1: Foul Ball, location: 2F 0-2: Strikes out swinging
|
|
Batting: RHB Phil Bradley
|
0-0: Swinging Strike 0-1: Swinging Strike 0-2: Foul Ball, location: 2F 0-2: Ball 1-2: Ball 2-2: SINGLE (Groundball, 56D, EV 103.8 MPH) Dave Aponte to third Runner from 3rd tries for Home, throw by LF and OUT! 7-2
|
| Bottom of the 5th over - 0 runs, 1 hit, 0 errors, 1 left on base; Amarillo 4 - Dallas-Fort Worth 0 |
| TOP OF THE 6TH |
|
Amarillo Gold Sox batting - Pitching for Dallas-Fort Worth Rangers : LHP Xavier Pickhills
|
|
Batting: LHB Timothy Hickerson
|
0-0: Ball 1-0: Foul Ball, location: 2F 1-1: Ball 2-1: Ball 3-1: Foul Ball, location: 2F 3-2: Fly out, F7 (Flyball, 78M, EV 81.9 MPH)
|
|
Batting: RHB Tom Wieghaus
|
0-0: Swinging Strike 0-1: Ball 1-1: Called Strike 1-2: Fly out, F9 (Flyball, 9, EV 81.9 MPH)
|
|
Batting: SHB Mike Felder
|
0-0: Called Strike 0-1: Called Strike 0-2: Strikes out looking
|
| Top of the 6th over - 0 runs, 0 hits, 0 errors, 0 left on base; Amarillo 4 - Dallas-Fort Worth 0 |
| BOTTOM OF THE 6TH |
|
Dallas-Fort Worth Rangers batting - Pitching for Amarillo Gold Sox : RHP Stew Cliburn
|
|
Batting: LHB Stan Levi
|
0-0: Ball 1-0: Ball 2-0: Called Strike 2-1: Swinging Strike 2-2: Foul Ball, location: 2F 2-2: Ball 3-2: Base on Balls
|
|
Batting: RHB Pat Casey
|
0-0: Ball 1-0: Ball 2-0: Ball 3-0: Base on Balls Stan Levi to second
|
|
Batting: LHB Dustin Hipp
|
0-0: Ball 1-0: Fly out, F1 (Line Drive, P, EV 73.8 MPH)
|
|
Batting: LHB Dave Falcone
|
0-0: Called Strike Stan Levi steals 3rd base 0-1: Called Strike 0-2: Foul Ball, location: 2F 0-2: 3-RUN HOME RUN (Flyball, 9D, EV 93.8 MPH), Distance : 367 ft
|
|
Batting: LHB Mario Delgado
|
0-0: Fly out, F6 (Flyball, 56D, EV 96.3 MPH)
|
|
Batting: RHB Dave Aponte
|
0-0: Called Strike 0-1: Ball 1-1: Called Strike 1-2: Ball 2-2: Ball 3-2: SOLO HOME RUN (Flyball, 7LD, EV 89.4 MPH), Distance : 368 ft
|
|
Batting: RHB Dave Miele
|
0-0: Fly out, F7 (Line Drive, 7, EV 97.5 MPH)
|
| Bottom of the 6th over - 4 runs, 2 hits, 0 errors, 0 left on base; Amarillo 4 - Dallas-Fort Worth 4 |
| TOP OF THE 7TH |
|
Amarillo Gold Sox batting - Pitching for Dallas-Fort Worth Rangers : LHP Xavier Pickhills
|
|
Batting: LHB Hector Arroyo
|
0-0: Foul Ball, location: 2F 0-1: Ball 1-1: Foul Ball, location: 2F 1-2: Ground out 4-3 (Groundball, 4M, EV 95.0 MPH)
|
|
Batting: LHB Ernie Riles
|
0-0: Ball 1-0: Foul Ball, location: 2F 1-1: Ball 2-1: Ball 3-1: Swinging Strike 3-2: Foul Ball, location: 2F 3-2: Base on Balls
|
|
Batting: RHB Bill Pecota
|
0-0: Ball 1-0: Ball 2-0: Ground out 5-3 (Groundball, 5S, EV 67.5 MPH) Ernie Riles to second
|
|
Batting: RHB Andrew Barbee
|
0-0: Ball 1-0: Foul Ball, location: 2F 1-1: Ball 2-1: Ball 3-1: Foul Ball, location: 2F 3-2: Base on Balls
|
|
Batting: RHB Adam Veldman
|
0-0: Swinging Strike 0-1: Ball 1-1: Ball 2-1: Called Strike 2-2: Foul Ball, location: 2F 2-2: DOUBLE (Line Drive, 89XD, EV 108.8 MPH) Ernie Riles scores Andrew Barbee to third Runner from 3rd tries for Home, SAFE, throw by RF to trailing runner, OUT at third! 9-4-5
|
| Top of the 7th over - 2 runs, 1 hit, 0 errors, 0 left on base; Amarillo 6 - Dallas-Fort Worth 4 |
| BOTTOM OF THE 7TH |
|
Dallas-Fort Worth Rangers batting - Pitching for Amarillo Gold Sox : RHP Stew Cliburn
|
|
Pitching: RHP Eddie Moore
|
|
|
Batting: LHB Garcia Gutierrez
|
0-0: Ball 1-0: Called Strike 1-1: Ball 2-1: Ball 3-1: Ground out 4-3 (Groundball, 34D, EV 91.3 MPH)
|
|
Batting: RHB Phil Bradley
|
0-0: Called Strike 0-1: Ball 1-1: Fly out, F7 (Flyball, 7S, EV 70.0 MPH)
|
|
Batting: LHB Stan Levi
|
0-0: Ball 1-0: Swinging Strike 1-1: Fly out, F4 (Popup, 4S, EV 69.4 MPH)
|
| Bottom of the 7th over - 0 runs, 0 hits, 0 errors, 0 left on base; Amarillo 6 - Dallas-Fort Worth 4 |
| TOP OF THE 8TH |
|
Amarillo Gold Sox batting - Pitching for Dallas-Fort Worth Rangers : LHP Xavier Pickhills
|
|
Pitching: RHP Brian Denman
|
|
|
Batting: RHB Vic Alvarado
|
0-0: Ball 1-0: Fly out, F8 (Flyball, 8RS, EV 94.4 MPH)
|
|
Batting: LHB Timothy Hickerson
|
0-0: Swinging Strike 0-1: Ball 1-1: Ball 2-1: Fly out, F8 (Flyball, 8LS, EV 90.0 MPH)
|
|
Batting: RHB Tom Wieghaus
|
0-0: Swinging Strike 0-1: Foul Ball, location: 2F 0-2: Foul Ball, location: 2F 0-2: Ball 1-2: Ground out 4-3 (Groundball, 4M, EV 79.4 MPH)
|
| Top of the 8th over - 0 runs, 0 hits, 0 errors, 0 left on base; Amarillo 6 - Dallas-Fort Worth 4 |
| BOTTOM OF THE 8TH |
|
Dallas-Fort Worth Rangers batting - Pitching for Amarillo Gold Sox : RHP Eddie Moore
|
|
Batting: RHB Pat Casey
|
0-0: Ball 1-0: Ground out 6-3 (Groundball, 6S, EV 83.1 MPH)
|
|
Batting: LHB Dustin Hipp
|
0-0: Ball 1-0: Fly out, F5 (Popup, 5SF, EV 71.3 MPH)
|
|
Batting: LHB Dave Falcone
|
0-0: Ball 1-0: Ball 2-0: Ball 3-0: Base on Balls
|
|
Batting: LHB Mario Delgado
|
0-0: Called Strike 0-1: SINGLE (Groundball, 34D, EV 102.5 MPH) Dave Falcone to second Runner from 2nd tries for 3rd, SAFE, throw by RF made to third
|
|
Pitching: RHP Nelson Torres
|
|
|
Batting: RHB Dave Aponte
|
0-0: Called Strike 0-1: SINGLE (Line Drive, 78S, EV 101.9 MPH) Dave Falcone scores Mario Delgado to second
|
|
Batting: RHB Dave Miele
|
0-0: Ball 1-0: Called Strike 1-1: Fly out, F7 (Line Drive, 7, EV 84.4 MPH)
|
| Bottom of the 8th over - 1 run, 2 hits, 0 errors, 2 left on base; Amarillo 6 - Dallas-Fort Worth 5 |
| TOP OF THE 9TH |
|
Amarillo Gold Sox batting - Pitching for Dallas-Fort Worth Rangers : RHP Brian Denman
|
|
Pitching: RHP Duane Theiss
|
|
|
Batting: SHB Mike Felder
|
0-0: Ground out 5-3 (Groundball, 6MS, EV 66.9 MPH)
|
|
Batting: LHB Hector Arroyo
|
0-0: Called Strike 0-1: Ball 1-1: Ball 2-1: Ball 3-1: Called Strike 3-2: Fly out, F7 (Flyball, 7LM, EV 95.6 MPH)
|
|
Batting: LHB Ernie Riles
|
0-0: Ball 1-0: SINGLE (Line Drive, 34D, EV 103.8 MPH)
|
|
Batting: RHB Bill Pecota
|
0-0: Fly out, F7 (Flyball, 7LD, EV 86.3 MPH)
|
| Top of the 9th over - 0 runs, 1 hit, 0 errors, 1 left on base; Amarillo 6 - Dallas-Fort Worth 5 |
| BOTTOM OF THE 9TH |
|
Dallas-Fort Worth Rangers batting - Pitching for Amarillo Gold Sox : RHP Nelson Torres
|
|
Pitching: RHP Charles Schupp
|
|
|
Batting: LHB Garcia Gutierrez
|
0-0: Ball 1-0: Called Strike 1-1: Foul Ball, location: 2F 1-2: Ball 2-2: Fly out, F7 (Flyball, 7S, EV 83.8 MPH)
|
|
Batting: RHB Phil Bradley
|
0-0: Ball 1-0: Called Strike 1-1: Ball 2-1: Ball 3-1: SINGLE (Flyball, 89D, EV 90.0 MPH)
|
|
Batting: LHB Stan Levi
|
0-0: Ball 1-0: Foul Ball, location: 2F 1-1: Ball 2-1: SINGLE (Line Drive, 78S, EV 91.3 MPH) Phil Bradley to second Runner from 2nd tries for 3rd, OUT! 7-5
|
|
Batting: RHB Pat Casey
|
0-0: Called Strike Pickoff Throw to First - Out! 1-3
|
| Bottom of the 9th over - 0 runs, 2 hits, 0 errors, 0 left on base; Amarillo 6 - Dallas-Fort Worth 5 |
|